[Event "Late-Titled-Tuesday-Blitz-April-02-2024"]
[Site "Chess.com"]
[Date "2024.04.02"]
[Round "2"]
[White "NikitaShnadrygin"]
[Black "arturdailima"]
[Result "1-0"]
[WhiteElo "2664"]
[BlackElo "2376"]
[TimeControl "180+1"]
[EndTime "14:16:03 PDT"]
[Termination "NikitaShnadrygin won by resignation"]

1. e4 Nf6 2. e5 Nd5 3. d4 d6 4. c4 Nb6 5. f4 dxe5 6. fxe5 Bf5 7. Nc3 e6 8. Be3 Bb4 9. Bd3 c5 10. Bxf5 cxd4 11. Be4 Qh4+ 12. Kf1 dxc3 13. Bxb7 Qxc4+ 14. Qe2 cxb2 15. Rb1 Qxa2 16. Qxb2 Qxb2 17. Rxb2 Bc3 18.
Rc2 N8d7 19. Bxa8 Bxe5 20. Bc6 Ke7 21. Nf3 Bf6 22. Bxd7 Nxd7 23. Ke2 a5 24. Rd1 a4 25. Rc7 Rd8 26. Ra7 Ke8 27. Rxa4 Ne5 28. Rxd8+ Kxd8 29. Nxe5 Bxe5 30. h3 Ke7 31. Bd4 Bxd4 32. Rxd4 h5 33.
Ra4 g6 34. Kf3 Kf6 35. Kf4 g5+ 36. Ke4 Kg6 37. Ra6 Kf6 38. Rb6 Ke7 39. Ke5 f6+ 40. Ke4 Kd7 41. Ra6 Ke7 42. Ra7+ Kd6 43. Rh7 h4 44. Rf7 f5+ 45. Kf3 Ke5 46. Rf8 Kd5 47. Rg8 1-0

[Event "Late-Titled-Tuesday-Blitz-April-02-2024"]
[Site "Chess.com"]
[Date "2024.04.02"]
[Round "2"]
[White "Mariia89"]
[Black "Koalaskakistis"]
[Result "0-1"]
[WhiteElo "2280"]
[BlackElo "2517"]
[TimeControl "180+1"]
[EndTime "14:16:06 PDT"]
[Termination "Koalaskakistis won on time"]

1. d4 f5 2. g3 Nf6 3. Bg2 e6 4.
Nf3 Be7 5. O-O O-O 6. c4 d6 7.
Nc3 Ne4 8. Qc2 Nxc3 9. Qxc3 a5 10. b3 Nc6 11. Bb2 Bf6 12. Qd2 e5 13. dxe5 dxe5 14.
Qd5+ Kh8 15. Rad1 Qe8 16. e4 Nb4 17. Qd2 fxe4 18. Ng5 Bg4 19. Nxe4 Rd8 20. Qc1 Bxd1 21. Rxd1 Nd3 22. Qb1 Nxb2 23. Rxd8 Qxd8 24. Qxb2 Qd1+ 25. Bf1 Qd4 26. Qe2 Be7 27. Kg2 Bc5 28. h4 h6 29.
Kg1 a4 30. Bg2 a3 31. h5 b6 32. Kh2 Qb2 33. Bf1 Bxf2 34. Qxb2 axb2 35. Bd3 Bd4 36. Kg2 c6 37. Bb1 b5 0-1

[Event "Late-Titled-Tuesday-Blitz-April-02-2024"]
[Site "Chess.com"]
[Date "2024.04.02"]
[Round "2"]
[White "enriquebutti"]
[Black "Akhayan"]
[Result "0-1"]
[WhiteElo "2176"]
[BlackElo "2452"]
[TimeControl "180+1"]
[EndTime "14:16:07 PDT"]
[Termination "Akhayan won by resignation"]

1. d4 Nf6 2. c4 g6 3. Nc3 d5 4.
cxd5 Nxd5 5. e4 Nxc3 6. bxc3 Bg7 7. Bc4 O-O 8. Ne2 c5 9. O-O Nc6 10. Be3 Qc7 11. Rc1 Rd8 12. f4 Bg4 13. f5 gxf5 14.
Bxf7+ Kh8 15. h3 Bxe2 16. Qxe2 cxd4 17. cxd4 e5 18. Qh5 exd4 19. Bg6 Be5 20. Rxf5 Qg7 21. Rg5 dxe3 22. Bf5 Qe7 23. Bxh7 Qxh7 24. Rxe5 0-1

[Event "Late-Titled-Tuesday-Blitz-April-02-2024"]
[Site "Chess.com"]
[Date "2024.04.02"]
[Round "2"]
[White "merinasian"]
[Black "sacrifoice"]
[Result "0-1"]
[WhiteElo "2496"]
[BlackElo "2283"]
[TimeControl "180+1"]
[EndTime "14:16:08 PDT"]
[Termination "sacrifoice won on time"]

1. d4 Nf6 2. Nf3 g6 3. Bf4 Bg7 4. e3 d5 5. h3 O-O 6. Be2 c5 7.
O-O Nc6 8. c3 a6 9. a4 Nd7 10. Nbd2 e5 11. dxe5 Ndxe5 12. Nxe5 Nxe5 13. Nf3 Nxf3+ 14. Bxf3 Be6 15. Qc2 Qb6 16. a5 Qb5 17.
Rfd1 Rfd8 18. Bc7 Rd7 19. Bb6 Rc8 20. Rd2 h6 21. Rad1 c4 22. e4 dxe4 23. Bxe4 Rxd2 24.
Qxd2 Qe5 25. Bxb7 Rb8 26. Bxa6 Bf6 27. Qd6 Re8 28. Qxe5 Bxe5 0-1

[Event "Late-Titled-Tuesday-Blitz-April-02-2024"]
[Site "Chess.com"]
[Date "2024.04.02"]
[Round "2"]
[White "alexrustemov"]
[Black "Kavyev_Ruslan"]
[Result "1-0"]
[WhiteElo "2872"]
[BlackElo "2395"]
[TimeControl "180+1"]
[EndTime "14:16:10 PDT"]
[Termination "alexrustemov won by resignation"]

1. d4 d5 2. c4 e6 3. Nc3 Nf6 4. Nf3 Be7 5. Bg5 Nbd7 6. e3 c5 7.
dxc5 Nxc5 8. Qc2 h6 9. Bh4 g5 10. Bg3 Nfe4 11. cxd5 exd5 12. Bb5+ Kf8 13. Be5 f6 14.
Bd4 Ne6 15. O-O Nxd4 16. Nxd4 Nxc3 17. Qxc3 Bd7 18. Rac1 a6 19. Bxd7 Qxd7 20. Qd3 Kf7 21. Nf5 Rhd8 22. Nxh6+ Kg7 23. Nf5+ Kf7 24. Rfd1 Qe6 25.
Rc7 Rd7 26. Nd4 Qd6 27. Qh7+ Ke8 28. Qg6+ Kf8 29. Rxd7 Qxd7 30. Nf5 Rc8 31. Qg7+ Ke8 32. Qg8+ Bf8 33. g4 Rc4 34. h3 Qf7 35. Nd6+ 1-0

[Event "Late-Titled-Tuesday-Blitz-April-02-2024"]
[Site "Chess.com"]
[Date "2024.04.02"]
[Round "2"]
[White "stasOR4ik"]
[Black "Carlos-Godoy"]
[Result "1-0"]
[WhiteElo "2422"]
[BlackElo "2049"]
[TimeControl "180+1"]
[EndTime "14:16:12 PDT"]
[Termination "stasOR4ik won by checkmate"]

1. e4 c5 2. c3 Nf6 3. e5 Nd5 4. Nf3 d6 5. Bb5+ Bd7 6. Bc4 e6 7. Bxd5 exd5 8. d4 Be7 9. Bf4 Bg4 10. exd6 Bxd6 11. Qe2+ Be7 12. O-O O-O 13. h3 Bh5 14.
Nbd2 cxd4 15. cxd4 Nc6 16. Qb5 Qd7 17. Rfe1 Bf6 18. Rac1 Rfe8 19. Qc5 Rac8 20. Rxe8+ Rxe8 21. Ne5 Bxe5 22. Bxe5 Nxe5 23. dxe5 Rxe5 24. Qxa7 h6 25. Nb3 Re2 26. Qb8+ Kh7 27. Nd4 Rxb2 28. Rc8 Qe7 29. Rh8+ Kg6 30. Qg3+ Kf6 31. Qf4+ Kg6 32. Qf5# 1-0

[Event "Late-Titled-Tuesday-Blitz-April-02-2024"]
[Site "Chess.com"]
[Date "2024.04.02"]
[Round "2"]
[White "Pingah9"]
[Black "moro182"]
[Result "0-1"]
[WhiteElo "2580"]
[BlackElo "2896"]
[TimeControl "180+1"]
[EndTime "14:16:13 PDT"]
[Termination "moro182 won by resignation"]

1. e4 g6 2. h4 Bg7 3. h5 d5 4.
exd5 Qxd5 5. Nc3 Qe5+ 6. Be2 Bg4 7. d4 Qe6 8. Be3 Bxe2 9. Ngxe2 Qg4 10. Qd3 Nc6 11.
h6 Bf6 12. Nd5 O-O-O 13. c4 e6 14. Nxf6 Nxf6 15. O-O Ne5 16. f3 Nxd3 17. fxg4 Nxg4 18.
Bg5 f6 19. Bxf6 Nxf6 20. Rxf6 Nxb2 21. Rc1 Rhe8 22. Rc3 Rd7 23. g4 c6 24. Kg2 e5 25.
d5 cxd5 26. cxd5+ Kb8 27. d6 Red8 28. Re6 Rxd6 29. Rxe5 Nd3 30. Re7 R6d7 31. Re3 a6 32. Ng3 Nb4 33. Ra3 Nc2 0-1

[Event "Late-Titled-Tuesday-Blitz-April-02-2024"]
[Site "Chess.com"]
[Date "2024.04.02"]
[Round "2"]
[White "MaestroCheck"]
[Black "ArtemDyachuk"]
[Result "0-1"]
[WhiteElo "2551"]
[BlackElo "2792"]
[TimeControl "180+1"]
[EndTime "14:16:13 PDT"]
[Termination "ArtemDyachuk won by checkmate"]

1. e4 e5 2. Nf3 Nc6 3. Bc4 Bc5 4. Nc3 d6 5. d3 h6 6. Na4 Bb6 7. a3 Nf6 8. h3 Qe7 9. O-O g5 10. Nxb6 axb6 11. Nh2 Rg8 12. c3 g4 13. hxg4 Nxg4 14. Nxg4 Bxg4 15. f3 Bh3 16. Rf2 O-O-O 17. Be3 Rg6 18.
Kf1 Rxg2 19. Ke2 Rdg8 20. Qh1 Qh4 21. Bxf7 R8g3 22. Be6+ Kb8 23. Bg4 Rxg4 24. fxg4 Bxg4+ 25. Kd2 Rxf2+ 26. Bxf2 Qxf2+ 27. Kc1 Na5 28. Kb1 Nb3 29. Ra2 Be2 30. Kc2 Nc5 31. Qxh6 Bxd3+ 32. Kd1 Bc2+ 33. Kc1 Nb3# 0-1

[Event "Late-Titled-Tuesday-Blitz-April-02-2024"]
[Site "Chess.com"]
[Date "2024.04.02"]
[Round "2"]
[White "Felix-Rose"]
[Black "EgorYakovlev"]
[Result "0-1"]
[WhiteElo "2339"]
[BlackElo "2661"]
[TimeControl "180+1"]
[EndTime "14:16:13 PDT"]
[Termination "EgorYakovlev won by resignation"]

1. e4 c5 2. Nf3 d6 3. d4 cxd4 4. Nxd4 Nf6 5. Nc3 a6 6. Be3 e6 7. f3 Qc7 8. Qd2 b5 9. g4 Bb7 10. g5 Nfd7 11. a3 Nc6 12. Nxc6 Bxc6 13. h4 Ne5 14. Qf2 Nc4 15. Bxc4 bxc4 16. h5 Rb8 17. Nd1 d5 18. O-O dxe4 19. fxe4 Bxe4 20. Nc3 Bc6 21. Bf4 Qa5 22. Be3 Qc7 23. Bf4 Qa5 24. Be3 Rb7 25. Rad1 Qc7 26. Bf4 Qb6 27. Be3 Qa5 28.
Rd2 Qf5 29. Qxf5 exf5 30. Rxf5 Be7 31. Re5 O-O 32. Rxe7 Rxe7 33. Bc5 Re1+ 34. Kf2 Rfe8 35. Ne2 Rh1 36. Kg3 Rxh5 37. Nf4 Rxg5+ 38. Kh4 Rxc5 0-1

[Event "Late-Titled-Tuesday-Blitz-April-02-2024"]
[Site "Chess.com"]
[Date "2024.04.02"]
[Round "2"]
[White "djano"]
[Black "jamengrand"]
[Result "1-0"]
[WhiteElo "2660"]
[BlackElo "2306"]
[TimeControl "180+1"]
[EndTime "14:16:13 PDT"]
[Termination "djano won on time"]

1. e4 e6 2. b3 d6 3. Bb2 Nd7 4. f4 Ngf6 5. d3 Be7 6. Nf3 O-O 7. Nbd2 c5 8. Qe2 Nb8 9. g4 Nc6 10. g5 Nd7 11. h4 d5 12. O-O-O d4 13. h5 a5 14. g6 fxg6 15. hxg6 h6 16. a4 b5 17.
axb5 Nb4 18. Bh3 a4 19. Bxe6+ Kh8 20. Ng5 Nf6 21. e5 Ng8 22. Nf7+ Rxf7 23. Bxf7 axb3 24. Nxb3 Bf8 25. Kd2 Na2 26. Ra1 c4 27. dxc4 Bb4+ 28.
Kd1 Nc3+ 29. Bxc3 dxc3+ 30. Qd3 Rxa1+ 31. Nxa1 Qxd3+ 32. cxd3 Bg4+ 33. Kc2 Ne7 34. Nb3 Nf5 35. Re1 h5 36. b6 h4 37. b7 1-0

[Event "Late-Titled-Tuesday-Blitz-April-02-2024"]
[Site "Chess.com"]
[Date "2024.04.02"]
[Round "2"]
[White "tgpgoat"]
[Black "KATPAH"]
[Result "1-0"]
[WhiteElo "2436"]
[BlackElo "2681"]
[TimeControl "180+1"]
[EndTime "14:16:13 PDT"]
[Termination "tgpgoat won by checkmate"]

1. Nf3 Nf6 2. g3 g6 3. Bg2 Bg7 4. O-O O-O 5. c4 d5 6. cxd5 Nxd5 7. Nc3 Nxc3 8. bxc3 c5 9. d4 cxd4 10. cxd4 Nc6 11.
Ba3 Bg4 12. Rb1 Rb8 13. d5 Bxf3 14. dxc6 Bxc6 15. Bxc6 bxc6 16. Qxd8 Rfxd8 17. Bxe7 Re8 18. Bc5 Rb5 19. Bxa7 Rxe2 20. a4 Rxb1 21. Rxb1 Bc3 22. Rc1 Ba5 23. Rxc6 Ra2 24. Bd4 Kf8 25. Ra6 Bd2 26.
Ra7 h5 27. h4 Ke8 28. Bb6 f5 29. a5 f4 30. gxf4 Bxf4 31. a6 Rb2 32. Rb7 Ra2 33. a7 Ra1+ 34. Kg2 g5 35. Rb8+ Kd7 36. a8=Q Rxa8 37. Rxa8 gxh4 38. Rh8 Kc6 39. Be3 Bd6 40. Rxh5 Kd7 41. Rxh4 Ke7 42. Bg5+ Kf7 43. f4 Kg6 44. Kf3 Kf5 45. Rh6 Bxf4 46. Rf6+ Ke5 47. Rxf4 Ke6 48. Ke4 Kd6 49. Rf5 Ke6 50. Rf6+ Ke7 51. Ke5 Ke8 52.
Ke6 Kd8 53. Rf7+ Kc8 54. Bf4 Kd8 55. Rf8# 1-0

[Event "Late-Titled-Tuesday-Blitz-April-02-2024"]
[Site "Chess.com"]
[Date "2024.04.02"]
[Round "2"]
[White "ritanovikova"]
[Black "romulocardoso"]
[Result "1-0"]
[WhiteElo "2165"]
[BlackElo "2426"]
[TimeControl "180+1"]
[EndTime "14:16:13 PDT"]
[Termination "ritanovikova won on time"]

1. e4 c5 2. Nc3 g6 3. d3 Bg7 4. Be3 Nc6 5. Bxc5 d6 6. Be3 Nf6 7. h3 O-O 8. Nf3 a6 9. Be2 b5 10. Qd2 b4 11. Nd1 Rb8 12. O-O e5 13. Bg5 a5 14. Ne3 Nd4 15. Nxd4 exd4 16. Nd5 Be6 17. Nxf6+ Bxf6 18. Bxf6 Qxf6 19. f4 Rfc8 20. g4 Qh4 21. Kh2 f5 22. gxf5 gxf5 23. Rg1+ Kh8 24. exf5 Bxf5 25. Bg4 Rf8 26. Bxf5 Rxf5 27. Rg4 Qf6 28.
Rag1 Rc5 29. R1g2 Rbc8 30. Qd1 Rf5 31. Qg1 Qf7 32. Qxd4+ Qf6 33. Qg1 Qf7 34. Rg7 Qd5 35. Qf2 Rcf8 36. Qg3 Rxf4 37. Rxh7+ 1-0

[Event "Late-Titled-Tuesday-Blitz-April-02-2024"]
[Site "Chess.com"]
[Date "2024.04.02"]
[Round "2"]
[White "zajka-molotok"]
[Black "Evgeny81"]
[Result "0-1"]
[WhiteElo "2547"]
[BlackElo "2761"]
[TimeControl "180+1"]
[EndTime "14:16:15 PDT"]
[Termination "Evgeny81 won on time"]

1. e4 e6 2. d4 d5 3. exd5 exd5 4. Nf3 Nc6 5. Bd3 Bg4 6. c3 Qd7 7. O-O O-O-O 8. Nbd2 Bd6 9. Re1 Nf6 10. b4 Rde8 11. b5 Nd8 12. a4 Ne6 13. Qb3 Nf4 14. Bf1 Rxe1 15. Nxe1 Re8 16. Ba3 Ne2+ 17. Bxe2 Rxe2 18. Bxd6 Qxd6 19. Nef3 Qf4 20. Qb4 Re8 21. a5 Ne4 22. Nxe4 dxe4 23. Ne5 e3 24. fxe3 Qxe3+ 25. Kh1 f6 0-1

[Event "Late-Titled-Tuesday-Blitz-April-02-2024"]
[Site "Chess.com"]
[Date "2024.04.02"]
[Round "2"]
[White "GaiozNigalidze"]
[Black "Inepton_Fermion"]
[Result "1-0"]
[WhiteElo "2720"]
[BlackElo "2468"]
[TimeControl "180+1"]
[EndTime "14:16:15 PDT"]
[Termination "GaiozNigalidze won by checkmate"]

1. d4 d5 2. c4 dxc4 3. e4 Nc6 4. Nf3 Bg4 5. Bxc4 e6 6. Be3 Bxf3 7. gxf3 Nf6 8. Nc3 a6 9. Rg1 b5 10. Be2 Na5 11.
Rc1 Rc8 12. a4 c6 13. axb5 axb5 14. Kf1 g6 15. Qc2 Nc4 16. Bxc4 bxc4 17. Qa4 Bg7 18.
Qxc4 O-O 19. Kg2 Nh5 20. Ne2 Kh8 21. Qc5 Qh4 22. Bg5 Nf4+ 23. Nxf4 Bxd4 24. Qxd4+ e5 25. Bxh4 exd4 26. Bf6+ Kg8 27. Bxd4 f5 28. e5 g5 29. Ne6 Rfe8 30. Nxg5 Kg7 31. f4 Kg6 32. Nf3 Kh5 33. Kh3 c5 34. Nh4 cxd4 35. Rg5+ Kh6 36. Nxf5# 1-0

[Event "Late-Titled-Tuesday-Blitz-April-02-2024"]
[Site "Chess.com"]
[Date "2024.04.02"]
[Round "2"]
[White "Heliosis11"]
[Black "ChessBrainiacOnTwitch"]
[Result "0-1"]
[WhiteElo "2392"]
[BlackElo "2844"]
[TimeControl "180+1"]
[EndTime "14:16:16 PDT"]
[Termination "ChessBrainiacOnTwitch won on time"]

1. e4 c5 2. Nf3 d6 3. Bb5+ Nc6 4.
O-O Bd7 5. Re1 Nf6 6. c3 a6 7. Bf1 e6 8. d4 Be7 9. h3 O-O 10. Bg5 h6 11. Bh4 cxd4 12. cxd4 Rc8 13. Nc3 e5 14.
dxe5 dxe5 15. Bxf6 Bxf6 16. Nd5 Be6 17. Rc1 Bg5 18. Nxg5 Qxg5 19. Rc3 Nd4 20. Rg3 Qh4 21. Ne3 Rfd8 22. Qb1 b5 23. Ng4 Qg5 24. b3 h5 25.
Ne3 Qf4 26. Nf5 Bxf5 27. exf5 Rc2 28. Kh1 Rxf2 29. Rd3 e4 0-1

[Event "Late-Titled-Tuesday-Blitz-April-02-2024"]
[Site "Chess.com"]
[Date "2024.04.02"]
[Round "2"]
[White "Bykov_Egor"]
[Black "LuisFSiles"]
[Result "1-0"]
[WhiteElo "2611"]
[BlackElo "2345"]
[TimeControl "180+1"]
[EndTime "14:16:17 PDT"]
[Termination "Bykov_Egor won by checkmate"]

1. c4 Nf6 2. Nc3 d5 3. d4 g6 4. cxd5 Nxd5 5. e4 Nxc3 6. bxc3 Bg7 7. Qa4+ c6 8. Nf3 O-O 9. Be3 b5 10. Qa3 a5 11. Be2 Na6 12. O-O c5 13. Rac1 b4 14.
Qb3 bxc3 15. Rfd1 cxd4 16. Bxd4 Be6 17. Qxc3 Bxd4 18. Nxd4 Qc8 19. Nc6 Re8 20. Qxa5 Nc7 21. Na7 Qb8 22. Rxc7 Qb2 23. Qd2 Qb6 24. Nb5 Ra5 25.
Rc6 Qxc6 26. Qxa5 Ra8 27. Qc3 Qxe4 28. Bf3 Qa4 29. Nc7 Rc8 30. a3 Qa7 31. Nxe6 Rxc3 32.
Rd8# 1-0

[Event "Late-Titled-Tuesday-Blitz-April-02-2024"]
[Site "Chess.com"]
[Date "2024.04.02"]
[Round "2"]
[White "BebeBonito2022"]
[Black "biostatistician"]
[Result "0-1"]
[WhiteElo "2285"]
[BlackElo "2528"]
[TimeControl "180+1"]
[EndTime "14:16:17 PDT"]
[Termination "biostatistician won by resignation"]

1. d4 Nf6 2. c4 g6 3. Nc3 Bg7 4. e4 d6 5. Nf3 O-O 6. h3 c5 7. d5 e6 8. Bd3 exd5 9. exd5 Re8+ 10. Be3 Bh6 11. O-O Bxe3 12. fxe3 Qe7 13. Qd2 Qxe3+ 14. Qxe3 Rxe3 15. Bc2 a6 16. Ng5 Nbd7 17.
Nge4 Nxe4 18. Nxe4 Ne5 19. Kf2 Nxc4 20. b3 Rxe4 21.
Bxe4 Ne5 22. a4 f5 23. Bc2 b6 24. Rab1 Bb7 25. Rfd1 Kf7 26. b4 c4 27. b5 a5 28. Rd4 Rc8 29. Bd1 Rc5 30. Be2 Bxd5 31.
Rc1 Ke6 32. Ke3 Bxg2 33. Bxc4+ d5 34. Rg1 Nxc4+ 35. Rxc4 dxc4 36. Rxg2 c3 37. Rc2 Ke5 0-1

[Event "Late-Titled-Tuesday-Blitz-April-02-2024"]
[Site "Chess.com"]
[Date "2024.04.02"]
[Round "2"]
[White "Angry_Twin"]
[Black "Bilan_Danila"]
[Result "1-0"]
[WhiteElo "2929"]
[BlackElo "2592"]
[TimeControl "180+1"]
[EndTime "14:16:20 PDT"]
[Termination "Angry_Twin won on time"]

1. e4 c6 2. Nf3 d5 3. d3 Bg4 4.
h3 Bxf3 5. Qxf3 e6 6. g3 Nf6 7.
Bg2 Nbd7 8. O-O Bc5 9. Qe2 dxe4 10. dxe4 e5 11. Nd2 O-O 12. Nb3 Bb6 13. Kh2 Qc7 14.
a4 a5 15. Nd2 Nc5 16. Nc4 Ne6 17. c3 Bc5 18. f4 exf4 19. gxf4 b5 20. axb5 cxb5 21.
Ne5 Bd6 22. Nd3 Nd7 23. e5 Be7 24. Bxa8 Rxa8 25. f5 Nec5 26. Nxc5 Qxc5 27. Bf4 a4 28. Rad1 Nb6 29. f6 Bf8 30. fxg7 Be7 31. Qf3 Re8 32. Be3 Qxe5+ 33. Kh1 Qe6 34. Bxb6 1-0

[Event "Late-Titled-Tuesday-Blitz-April-02-2024"]
[Site "Chess.com"]
[Date "2024.04.02"]
[Round "2"]
[White "Veleamater"]
[Black "Romkachess"]
[Result "1-0"]
[WhiteElo "2412"]
[BlackElo "2667"]
[TimeControl "180+1"]
[EndTime "14:16:23 PDT"]
[Termination "Veleamater won by resignation"]

1. e4 c5 2. a3 d5 3. exd5 Nf6 4. c4 e6 5. dxe6 Bxe6 6. Nf3 Nc6 7. Be2 Bd6 8. O-O O-O 9. Nc3 h6 10. d3 a6 11. Be3 Ng4 12. h3 Nxe3 13. fxe3 Re8 14. d4 cxd4 15. exd4 Bf5 16. d5 Bc5+ 17. Kh1 Ne5 18.
Nxe5 Rxe5 19. Bd3 Bd7 20. Qf3 Qe7 21. Ne4 Bd4 22. c5 Re8 23. Rad1 f5 24. Nd6 Rf8 25.
Bxf5 Bxf5 26. Rxd4 Bd7 27. Qxf8+ Qxf8 28. Rxf8+ Kxf8 29.
Nxb7 Re1+ 30. Kh2 Re2 31. c6 Bf5 32. d6 Be4 33. Rxe4 Rxe4 34. c7 Rc4 35. d7 1-0

[Event "Late-Titled-Tuesday-Blitz-April-02-2024"]
[Site "Chess.com"]
[Date "2024.04.02"]
[Round "2"]
[White "ploxoi"]
[Black "grandcoach"]
[Result "1-0"]
[WhiteElo "2474"]
[BlackElo "2210"]
[TimeControl "180+1"]
[EndTime "14:16:23 PDT"]
[Termination "ploxoi won by resignation"]

1. d4 Nf6 2. c4 e6 3. Nf3 d5 4. g3 dxc4 5. Ne5 c5 6. dxc5 Qxd1+ 7. Kxd1 Bxc5 8. f4 Nbd7 9. Nxc4 b5 10. Ncd2 Bb7 11.
Nf3 Ne4 12. Kc2 Nf2 13. Rg1 Be4+ 14. Kb3 Bd5+ 15. Kc2 Rc8 16. Nc3 Be4+ 17. Kb3 a5 18.
a4 b4 19. Nxe4 Nxe4 20. e3 Bb6 21. Bg2 Ndc5+ 22. Ka2 b3+ 23. Kb1 Ke7 24. Nd4 Rhd8 25. Ra3 f5 26. Nxb3 Na6 27. Bxe4 fxe4 28. Nd2 Bxe3 29.
Rxe3 Nc5 30. Nxe4 Nxa4 31. Ng5 Rd6 32. Rge1 Rcc6 33. f5 1-0

[Event "Late-Titled-Tuesday-Blitz-April-02-2024"]
[Site "Chess.com"]
[Date "2024.04.02"]
[Round "2"]
[White "HipsterChess22"]
[Black "Happy1712Drummer"]
[Result "0-1"]
[WhiteElo "2182"]
[BlackElo "2459"]
[TimeControl "180+1"]
[EndTime "14:16:25 PDT"]
[Termination "Happy1712Drummer won on time"]

1. d4 e6 2. e4 d5 3. Nc3 Bb4 4. exd5 exd5 5. Bd3 Nc6 6. Ne2 Nf6 7. O-O O-O 8. Bg5 Be7 9. Ng3 Nb4 10. Re1 Nxd3 11.
Qxd3 h6 12. Bf4 c6 13. Nf5 Bb4 14. Nxh6+ gxh6 15. Bxh6 Qd7 16. Bxf8 Bxf8 17. Qg3+ Qg4 18. Qxg4+ Bxg4 19. f3 Bf5 20. Re2 Bd6 21. g4 Be6 22. Rae1 Kf8 23. h4 Bg3 24. Rd1 Bxh4 25. Rh2 Bg5 26.
Rh8+ Ng8 27. Ne2 Re8 28. f4 Bf6 29. Rh2 Bxg4 30. Rd2 Bf5 31. Ng3 Bg4 32. Kf2 Bg7 33.
Nh5 Bxh5 34. Rxh5 Nf6 35. Kf3 Nxh5 0-1

[Event "Late-Titled-Tuesday-Blitz-April-02-2024"]
[Site "Chess.com"]
[Date "2024.04.02"]
[Round "2"]
[White "maracayo"]
[Black "Zhigalko_Sergei"]
[Result "0-1"]
[WhiteElo "2397"]
[BlackElo "2872"]
[TimeControl "180+1"]
[EndTime "14:16:26 PDT"]
[Termination "Zhigalko_Sergei won by resignation"]

1. e4 c5 2. Nf3 Nc6 3. Bb5 Nf6 4. Bxc6 dxc6 5. Qe2 Bg4 6. h3 Bh5 7. d3 Qc7 8. Bg5 Nd7 9. Nbd2 f6 10. Be3 e5 11.
c3 Be7 12. g4 Bf7 13. d4 cxd4 14. cxd4 O-O-O 15. a3 Rhe8 16. O-O-O exd4 17. Nxd4 Nc5 18. Kb1 Bf8 19. f3 Qb6 20. Nc4 Qa6 21. Rc1 Nxe4 22.
fxe4 Rxe4 23. Qc2 Rexd4 24. Bxd4 Bg6 0-1

[Event "Late-Titled-Tuesday-Blitz-April-02-2024"]
[Site "Chess.com"]
[Date "2024.04.02"]
[Round "2"]
[White "Viktoker"]
[Black "GAusal"]
[Result "1-0"]
[WhiteElo "2508"]
[BlackElo "2257"]
[TimeControl "180+1"]
[EndTime "14:16:27 PDT"]
[Termination "Viktoker won by resignation"]

1. d4 d5 2. c4 c6 3. cxd5 cxd5 4. Nc3 Nf6 5. Bf4 Nc6 6. e3 Bf5 7. Qb3 Bc8 8. Nf3 e6 9. Bd3 Be7 10. h3 O-O 11. O-O b6 12. Rfc1 Na5 13. Qc2 Bd7 14.
Ba6 Bc8 15. Bd3 Bd7 16. Ne5 g6 17. Ba6 Bc8 18. Bd3 Bd7 19. a3 Ne8 20. b4 Nb7 21.
Ba6 Nbd6 22. Qd3 Bc8 23. Rc2 Bxa6 24. Qxa6 Bf6 25. Rac1 Bxe5 26. Bxe5 Nc4 27. e4 Nc7 28.
Bxc7 Qxc7 29. exd5 exd5 30. Nxd5 Qd6 31. Qxc4 Rad8 32.
Ne3 Qxd4 33. Qxd4 Rxd4 34. Rc7 a5 35. bxa5 bxa5 36. Ra7 Ra4 37. Rc3 Kg7 38. g4 Kf6 39.
Nd5+ Ke5 40. Nb6 Rd4 41. Rxa5+ Kf4 42. Ra4 Rxa4 43. Nxa4 Rb8 44. Kg2 Ra8 45. Nc5 1-0

[Event "Late-Titled-Tuesday-Blitz-April-02-2024"]
[Site "Chess.com"]
[Date "2024.04.02"]
[Round "2"]
[White "bescmelasti"]
[Black "smotherhubbard"]
[Result "1-0"]
[WhiteElo "2639"]
[BlackElo "2355"]
[TimeControl "180+1"]
[EndTime "14:16:28 PDT"]
[Termination "bescmelasti won by resignation"]

1. e4 e6 2. d3 d5 3. Qe2 Nf6 4.
Nf3 c5 5. g3 Nc6 6. Bg2 Bd6 7.
e5 Nxe5 8. Nxe5 Qc7 9. Bf4 g5 10.
Bxg5 Bxe5 11. d4 Bxd4 12. c3 h6 13. Bf4 Bxf2+ 14. Kxf2 e5 15. Bxe5 Ng4+ 16. Qxg4 Qxe5 17. Qf4 Qe7 18. Bxd5 Be6 19. Bxe6 fxe6 20. Kg2 O-O-O 21. Nd2 Qd7 22. Ne4 Rhf8 23. Qe3 Qc6 24. Rhd1 Rd5 25.
Rxd5 exd5 26. Nxc5 d4+ 27. Qe4 Qxc5 28. cxd4 Qb4 29.
Rc1+ Kb8 30. Rc2 Ka8 31. Qf5 a6 32. Rc8+ Rxc8 33. Qxc8+ Ka7 34. Qc5+ Qxc5 35. dxc5 Kb8 36.
Kf3 Kc7 37. Ke4 Kc6 38. Kd4 1-0

[Event "Late-Titled-Tuesday-Blitz-April-02-2024"]
[Site "Chess.com"]
[Date "2024.04.02"]
[Round "2"]
[White "best926"]
[Black "PhileKhoob"]
[Result "1-0"]
[WhiteElo "2514"]
[BlackElo "2274"]
[TimeControl "180+1"]
[EndTime "14:16:29 PDT"]
[Termination "best926 won on time"]

1. e4 c6 2. d4 d5 3. e5 Bf5 4. Bd3 Bxd3 5. Qxd3 e6 6. Nf3 Qa5+ 7.
c3 Qa6 8. Qxa6 Nxa6 9. Be3 c5 10. dxc5 Bxc5 11. Ke2 Ne7 12. Nbd2 Nc6 13. Nb3 b6 14. Rhd1 Ke7 15. a4 Bxe3 16. Kxe3 Nc5 17. Nbd4 Rhc8 18. Nxc6+ Rxc6 19. Nd4 Rcc8 20. a5 b5 21. Nxb5 Rab8 22. Nd6 Rc6 23. Ra2 f6 24. f4 Nd7 25. Kd4 fxe5+ 26. fxe5 Nxe5 27. Kxe5 Rxd6 28. Rd4 Rf8 29. g4 Rf2 30. Rb4 Re2+ 31. Kd4 Re4+ 32. Kc5 Rd7 33.
Rxe4 dxe4 34. b4 Kf6 35. b5 Ke5 36. b6 axb6+ 37. axb6 e3 38. c4 Ke4 39. Kc6 Rd2 40. Rxd2 exd2 41. b7 d1=Q 42. b8=Q Qxg4 43. c5 Qf5 44.
Qd6 1-0

[Event "Late-Titled-Tuesday-Blitz-April-02-2024"]
[Site "Chess.com"]
[Date "2024.04.02"]
[Round "2"]
[White "ImportedItalianMaple"]
[Black "ChempionBg"]
[Result "1-0"]
[WhiteElo "2528"]
[BlackElo "2286"]
[TimeControl "180+1"]
[EndTime "14:16:30 PDT"]
[Termination "ImportedItalianMaple won on time"]

1. Nf3 Nf6 2. g3 b6 3. Bg2 Bb7 4. O-O c5 5. b3 g6 6. Bb2 Bg7 7. c4 O-O 8. d4 cxd4 9. Qxd4 Nc6 10. Qf4 Qb8 11. Ne5 Nxe5 12. Bxe5 d6 13. Bb2 Bxg2 14. Kxg2 Qb7+ 15. f3 Nd5 16. Qd2 Bxb2 17. Qxb2 Ne3+ 18. Kf2 Nxf1 19. Kxf1 d5 20. Nd2 dxc4 21. Nxc4 f6 22.
Qd2 Rad8 23. Qe3 e5 24. Rc1 Qd5 25. Kg2 Rf7 26. Rc2 Kg7 27. Rd2 Qa8 28. Rc2 Rfd7 29. h4 h5 30. a4 Rd1 31. Nxe5 fxe5 32. Qxe5+ Kh7 33. Qe7+ Kg8 34. Rc7 R8d7 35. Qe6+ Kg7 36. Rxd7+ Rxd7 37. Qxd7+ Kg8 38. g4 1-0

[Event "Late-Titled-Tuesday-Blitz-April-02-2024"]
[Site "Chess.com"]
[Date "2024.04.02"]
[Round "2"]
[White "GP9isback23"]
[Black "sillypiggy2024"]
[Result "1-0"]
[WhiteElo "2632"]
[BlackElo "1748"]
[TimeControl "180+1"]
[EndTime "14:16:33 PDT"]
[Termination "GP9isback23 won on time"]

1. d4 Nf6 2. Nf3 g6 3. e3 Bg7 4. Be2 d5 5. O-O O-O 6. b3 c5 7. Bb2 Nc6 8. Nbd2 cxd4 9. exd4 Bf5 10. a3 Rc8 11. c4 Ne4 12. cxd5 Qxd5 13. Bc4 Qd8 14.
Re1 Nxd2 15. Qxd2 a6 16. Rad1 Na5 17. Rc1 Qd6 18. Qxa5 b5 19. Bf1 Rfd8 20. Ne5 Be6 21. Qb4 Qxb4 22. axb4 Bxb3 23. Rxc8 Rxc8 24. Rc1 Rxc1 25.
Bxc1 Bd5 26. Bb2 Kf8 27. Nd7+ Ke8 28. Nc5 Kd8 29. Nxa6 Kd7 30. Nc5+ Kc6 31. f3 e6 32. Kf2 Bh6 33. Bc3 Bf4 34. g3 Bd6 35. Bd3 Bb8 36. Be4 Bxe4 37. fxe4 Bd6 38. Ke3 Bxc5 39. bxc5 Kd7 40.
d5 exd5 41. exd5 Kc7 42. Bb4 Kd7 43. Kd4 Kc7 44. c6 1-0